Kraken vs Canucks

Created - April 5, 2025 at 22:53

Goals
1 2 3 T
Kraken 1 1 2 4
Canucks 1 2 0 3
Shots
1 2 3 T
Kraken 16 7 7 30
Canucks 9 8 13 30

1st period

1. Canucks , Brock Boeser 21 (Yanni Gourde 32, J.T. Miller 49) at 14:21
2. Kraken , Andrei Loktionov 13 (Marcus Johansson 28, Brady Skjei 45) at 19:28

Penalties :
Olli Maatta (Sea) for Slashing (Minor) at 2:15, Brendan Gallagher (Sea) for Holding (Minor) at 7:40

2nd period

3. Canucks , Chris Tierney 18 (J.T. Miller 50, Travis Hamonic 14) at 7:10 (SH)
4. Kraken , Tyler Bertuzzi 18 (Logan Couture 22) at 8:55
5. Canucks , Oliver Ekman-Larsson 3 (Gilbert Brule 10) at 17:46

Penalties :
Alex Goligoski (Van) for Holding Stick (Minor) at 6:22

3rd period

6. Kraken , Brady Skjei 11 (Andrei Loktionov 25, Erik Gudbranson 20) at 16:56 (PP)
7. Kraken , Brendan Gallagher 36 (Erik Gudbranson 21, Marcus Johansson 29) at 19:01

Penalties :
Brendan Lemieux (Sea) for Holding (Minor) at 1:49, Brendan Gallagher (Sea) for Tripping (Minor) at 4:10, Alex Goligoski (Van) for Boarding (Minor) at 12:08, Robert Nilsson (Van) for Slashing (Minor) at 16:25

Goalie Stats

Joonas Korpisalo (Sea), 27 saves from 30 shots - (0.900), W, 14-10-1, 60:00 minutes
Petr Mrazek (Van), 26 saves from 30 shots - (0.867), L, 22-24-7, 59:08 minutes

Players Stats for Kraken

Player Name              G  A  P  +/- PIM S  H  SB GA TA FO     MP     PP MP  PK MP  
------------------------------------------------------------------------------------
Andrei Loktionov         1  1  2   1  0   3  1  0  0  0  4/11   16:04   2:15   0:26 
Brady Skjei              1  1  2   2  0   1  0  3  1  1  0/0    26:28   2:20   4:53 
Brendan Gallagher        1  0  1  -1  4   1  1  2  0  1  1/3    19:55   2:14   1:22 
Brendan Lemieux          0  0  0  -1  2   4  2  0  0  1  0/1    19:50   2:14   1:37 
Erik Gudbranson          0  2  2   2  0   0  3  0  0  2  0/0    26:28   2:20   4:53 
Jalen Chatfield          0  0  0  -1  0   1  1  0  0  0  0/0    13:50   0:00   0:39 
Jamie Oleksiak           0  0  0  -2  0   1  1  1  0  0  0/0    16:28   2:09   0:00 
Jason Spezza             0  0  0   1  0   2  4  0  0  0  0/0    13:52   2:15   0:00 
JT Compher               0  0  0  -1  0   1  0  0  0  0  0/0     6:14   0:00   0:29 
Kyle Rau                 0  0  0  -1  0   0  1  0  0  0  1/4     8:47   0:00   3:02 
Logan Couture            0  1  1   1  0   1  0  0  0  0  11/16  17:24   0:00   4:28 
Marcus Johansson         0  2  2   1  0   3  1  3  0  1  0/0    15:09   2:15   0:00 
Nate Schmidt             0  0  0   0  0   2  0  1  2  1  0/0    17:04   0:00   3:03 
Olli Maatta              0  0  0  -1  2   0  2  2  0  0  0/0    19:42   2:09   2:24 
Ryan Nugent-Hopkins      0  0  0  -1  0   2  0  1  0  1  9/27   18:02   2:14   0:00 
Tyler Bertuzzi           1  0  1   1  0   3  2  0  2  2  0/2    17:07   0:00   4:28 
Victor Olofsson          0  0  0  -1  0   3  0  1  0  0  1/1     5:44   0:00   0:00 
Zach Hyman               0  0  0   1  0   2  0  1  1  0  1/2    13:52   0:00   0:00 

Players Stats for Canucks

Player Name              G  A  P  +/- PIM S  H  SB GA TA FO     MP     PP MP  PK MP  
------------------------------------------------------------------------------------
Adam Ollas-Mattsson      0  0  0  -1  0   0  1  0  1  1  0/0    12:54   0:00   1:30 
Alex Goligoski           0  0  0   0  4   0  1  0  0  1  0/0    18:06   2:23   0:00 
Brock Boeser             1  0  1   0  0   3  2  0  1  1  1/1    20:54   4:35   0:00 
Chris Tierney            1  0  1   1  0   4  0  2  0  0  9/18   18:10   3:21   0:52 
Daniel Zaar              0  0  0  -1  0   1  3  0  0  0  0/0    11:55   0:00   0:00 
Denis Gurianov           0  0  0   0  0   5  3  1  0  0  0/0    17:43   3:21   0:20 
Gilbert Brule            0  1  1   0  0   0  0  0  0  1  4/7     5:18   0:00   0:00 
J.T. Miller              0  2  2  -1  0   3  3  1  1  0  7/12   28:24   4:35   3:11 
Mark Jankowski           0  0  0  -1  0   0  0  0  1  1  0/0    12:38   0:00   0:38 
Nicolas Petan            0  0  0   1  0   0  0  0  0  0  0/0     1:00   0:00   0:00 
Oliver Ekman-Larsson     1  0  1   1  0   6  1  1  1  0  0/0    29:04   5:33   2:59 
Robert Nilsson           0  0  0   0  2   0  1  0  0  0  4/6    12:43   0:00   0:49 
Ryan Lomberg             0  0  0   0  0   0  0  0  0  0  0/0     5:18   0:00   0:00 
Tony DeAngelo            0  0  0   0  0   0  0  1  1  0  0/0    10:50   0:00   0:00 
Travis Hamonic           0  1  1   1  0   2  2  1  0  0  0/0    29:04   5:33   2:59 
Tyler Cuma               0  0  0  -1  0   0  0  1  0  0  0/0    20:06   2:23   1:30 
Tyler Kennedy            0  0  0   0  0   0  2  0  1  1  1/1    17:18   3:21   0:00 
Yanni Gourde             0  1  1   0  0   6  2  0  3  0  13/22  24:03   4:35   3:08 

3 Stars

1 - Brady Skjei (Sea)
2 - Andrei Loktionov (Sea)
3 - Erik Gudbranson (Sea)

Power Play

Kraken - 1 on 3 Attempt(s) - 33.33%
Canucks - 0 on 4 Attempt(s) - 0.00%

Penalty Kill

Kraken - 4 on 4 Attempt(s) - 100.00% - Score 0 goal in Penalty Kill
Canucks - 2 on 3 Attempt(s) - 66.67% - Score 1 goal in Penalty Kill

Team Stat

Kraken - Hits : 19 - Faceoff Wins : 28 - Blocked Shots : 15 - Penalty Minutes : 8
Canucks - Hits : 21 - Faceoff Wins : 39 - Blocked Shots : 8 - Penalty Minutes : 6

Official

Referees : Peter MacDougall and Jon McIsaac
Linesman : Julien Fournier and Kory Nagy

Game Notes

No Game Note

Finance

Level 1 -- Attendance: 6000 (100.00%) -- Ticket Income $600,000
Level 2 -- Attendance: 4964 (99.28%) -- Ticket Income $347,480
Level 3 -- Attendance: 1824 (91.20%) -- Ticket Income $72,960
Level 4 -- Attendance: 3481 (87.03%) -- Ticket Income $104,430
Luxury Box -- Attendance: 1000 (100.00%) -- Ticket Income $200,000
Game was played at the Rodgers Arena.
Total Attendance: 17269 (95.94%)
Total Ticket Income: $1,324,870
Other Income: $198,730
Total Income: $1,523,600

Kraken

5 vs 5 Forward 
   Center                   Left Wing                Right Wing               Time % Phy DF OF 
 1 Ryan Nugent-Hopkins      Brendan Lemieux          Brendan Gallagher        40     0   2  3  
 2 Logan Couture            Tyler Bertuzzi           Jason Spezza             30     0   2  3  
 3 Andrei Loktionov         Marcus Johansson         Zach Hyman               25     0   2  3  
 4 Kyle Rau                 JT Compher               Victor Olofsson          5      1   2  2  

5 vs 5 Defense 
   Defense                  Defense                                           Time % Phy DF OF 
 1 Brady Skjei              Erik Gudbranson                                   40     0   3  2  
 2 Olli Maatta              Nate Schmidt                                      30     0   3  2  
 3 Jamie Oleksiak           Jalen Chatfield                                   29     0   3  2  
 4 Jamie Oleksiak           Jalen Chatfield                                   1      0   3  2  

PowerPlay Forward 
   Center                   Left Wing                Right Wing               Time % Phy DF OF 
 1 Ryan Nugent-Hopkins      Brendan Lemieux          Brendan Gallagher        50     0   1  4  
 2 Andrei Loktionov         Marcus Johansson         Jason Spezza             50     0   1  4  

PowerPlay Defense
   Defense                  Defense                                           Time % Phy DF OF 
 1 Brady Skjei              Erik Gudbranson                                   50     0   1  4  
 2 Olli Maatta              Jamie Oleksiak                                    50     0   1  4  

Penalty Kill 4 Players Forward 
   Center                   Wing                     Time % Phy DF OF 
 1 Logan Couture            Tyler Bertuzzi           55     1   3  1  
 2 Kyle Rau                 Brendan Gallagher        45     1   3  1  

Penalty Kill 4 Players Defense
   Defense                  Defense                  Time % Phy DF OF 
 1 Brady Skjei              Erik Gudbranson          55     1   3  1  
 2 Olli Maatta              Nate Schmidt             45     1   3  1  

Penalty Kill - 3 Players Forward 
   Forward                                           Time % Phy DF OF 
 1 Ryan Nugent-Hopkins                               50     1   3  1  
 2 Andrei Loktionov                                  50     1   3  1  

Penalty Kill - 3 Players Defense
   Defense                  Defense                  Time % Phy DF OF 
 1 Olli Maatta              Jamie Oleksiak           50     1   3  1  
 2 Jalen Chatfield          Nate Schmidt             50     1   3  1  

4 vs 4 Forward 
   Center                   Wing                     Time % Phy DF OF 
 1 Andrei Loktionov         Tyler Bertuzzi           50     1   2  2  
 2 Logan Couture            Marcus Johansson         50     1   2  2  

4 vs 4 Defense
   Defense                  Defense                  Time % Phy DF OF 
 1 Olli Maatta              Nate Schmidt             50     1   2  2  
 2 Jalen Chatfield          Jamie Oleksiak           50     1   2  2  

Last Minutes Offensive
   Center                   Left Wing                Right Wing               Defense                  Defense                  
   Ryan Nugent-Hopkins      Marcus Johansson         Brendan Lemieux          Brady Skjei              Erik Gudbranson          

Last Minutes Defensive
   Center                   Left Wing                Right Wing               Defense                  Defense                  
   Logan Couture            Tyler Bertuzzi           Zach Hyman               Olli Maatta              Nate Schmidt             

Goaltenders
Starting : Joonas Korpisalo         
Backup : Ebbe Siönäs              

Extra Forwards
Normal : Logan Couture, Tyler Bertuzzi, Kyle Rau - PP : Logan Couture, Tyler Bertuzzi - PK : Brendan Lemieux
Extra Defensemen
Normal : Nate Schmidt, Jalen Chatfield, Olli Maatta - PP : Jamie Oleksiak - PK : Jalen Chatfield, Olli Maatta
Penalty Shots
Zach Hyman, Logan Couture, Brendan Gallagher, Ryan Nugent-Hopkins, Marcus Johansson
Custom OT Lines Forwards
Ryan Nugent-Hopkins, Brendan Gallagher, Brendan Lemieux, Andrei Loktionov, Marcus Johansson, Tyler Bertuzzi, Logan Couture, Kyle Rau, Zach Hyman, JT Compher
Custom OT Lines Defensemen
Erik Gudbranson, Brady Skjei, Olli Maatta, Nate Schmidt, Jamie Oleksiak

Scratches
Thomas McCollum (Healthy)

Canucks

5 vs 5 Forward 
   Center                   Left Wing                Right Wing               Time % Phy DF OF 
 1 Yanni Gourde             J.T. Miller              Brock Boeser             40     1   2  2  
 2 Chris Tierney            Denis Gurianov           Tyler Kennedy            30     1   2  2  
 3 Robert Nilsson           Mark Jankowski           Daniel Zaar              20     1   2  2  
 4 Gilbert Brule            Ryan Lomberg             J.T. Miller              10     1   2  2  

5 vs 5 Defense 
   Defense                  Defense                                           Time % Phy DF OF 
 1 Oliver Ekman-Larsson     Travis Hamonic                                    40     1   2  2  
 2 Alex Goligoski           Tyler Cuma                                        30     1   2  2  
 3 Tony DeAngelo            Adam Ollas-Mattsson                               20     1   2  2  
 4 Oliver Ekman-Larsson     Travis Hamonic                                    10     1   2  2  

PowerPlay Forward 
   Center                   Left Wing                Right Wing               Time % Phy DF OF 
 1 Yanni Gourde             J.T. Miller              Brock Boeser             60     1   2  2  
 2 Chris Tierney            Denis Gurianov           Tyler Kennedy            40     1   2  2  

PowerPlay Defense
   Defense                  Defense                                           Time % Phy DF OF 
 1 Oliver Ekman-Larsson     Travis Hamonic                                    60     1   2  2  
 2 Alex Goligoski           Tyler Cuma                                        40     1   2  2  

Penalty Kill 4 Players Forward 
   Center                   Wing                     Time % Phy DF OF 
 1 J.T. Miller              Yanni Gourde             60     1   2  2  
 2 Chris Tierney            Robert Nilsson           40     1   2  2  

Penalty Kill 4 Players Defense
   Defense                  Defense                  Time % Phy DF OF 
 1 Oliver Ekman-Larsson     Travis Hamonic           60     1   2  2  
 2 Alex Goligoski           Tyler Cuma               40     1   2  2  

Penalty Kill - 3 Players Forward 
   Forward                                           Time % Phy DF OF 
 1 J.T. Miller                                       60     1   2  2  
 2 Yanni Gourde                                      40     1   2  2  

Penalty Kill - 3 Players Defense
   Defense                  Defense                  Time % Phy DF OF 
 1 Oliver Ekman-Larsson     Travis Hamonic           60     1   2  2  
 2 Alex Goligoski           Tyler Cuma               40     1   2  2  

4 vs 4 Forward 
   Center                   Wing                     Time % Phy DF OF 
 1 J.T. Miller              Yanni Gourde             60     1   2  2  
 2 Chris Tierney            Robert Nilsson           40     1   2  2  

4 vs 4 Defense
   Defense                  Defense                  Time % Phy DF OF 
 1 Oliver Ekman-Larsson     Travis Hamonic           60     1   2  2  
 2 Alex Goligoski           Tyler Cuma               40     1   2  2  

Last Minutes Offensive
   Center                   Left Wing                Right Wing               Defense                  Defense                  
   Yanni Gourde             J.T. Miller              Brock Boeser             Oliver Ekman-Larsson     Travis Hamonic           

Last Minutes Defensive
   Center                   Left Wing                Right Wing               Defense                  Defense                  
   Yanni Gourde             J.T. Miller              Brock Boeser             Oliver Ekman-Larsson     Travis Hamonic           

Goaltenders
Starting : Petr Mrazek              
Backup : Matt Hackett             

Extra Forwards
Normal : Nicolas Petan, Gilbert Brule, Mark Jankowski - PP : Nicolas Petan, Gilbert Brule - PK : Mark Jankowski
Extra Defensemen
Normal : Tony DeAngelo, Adam Ollas-Mattsson, Alex Goligoski - PP : Tony DeAngelo - PK : Adam Ollas-Mattsson, Alex Goligoski
Penalty Shots
J.T. Miller, Yanni Gourde, Chris Tierney, Robert Nilsson, Brock Boeser
Custom OT Lines Forwards
J.T. Miller, Yanni Gourde, Chris Tierney, Robert Nilsson, Brock Boeser, Gilbert Brule, Denis Gurianov, Mark Jankowski, Tyler Kennedy, Daniel Zaar
Custom OT Lines Defensemen
Oliver Ekman-Larsson, Travis Hamonic, Alex Goligoski, Tyler Cuma, Tony DeAngelo

Scratches
Ben Harpur (Strained Left Elbow Injury), Jordan Eberle (Suspend)

% Time on Ice - Kraken

Lines # - Real PCT - Wanted PCT - Time Play
Normal Forward
1 - 34% - 40% - 15:53
2 - 26% - 30% - 12:06
3 - 28% - 25% - 12:54
4 - 12% - 5% - 5:44
Normal Defense
1 - 41% - 40% - 19:15
2 - 30% - 30% - 14:11
3 - 28% - 29% - 13:11
4 - 0% - 1% - 0:00
PP Forward
1 - 50% - 50% - 2:14
2 - 50% - 50% - 2:15
PP Defense
1 - 52% - 50% - 2:20
2 - 48% - 50% - 2:09
PK Forward
1 - 57% - 55% - 4:30
2 - 43% - 45% - 3:26
PK Defense
1 - 62% - 55% - 4:53
2 - 38% - 45% - 3:03
PK3 Forward
1 - 0% - 50%
2 - 0% - 50%
PK3 Defense
1 - 0% - 50%
2 - 0% - 50%
44 Forward
1 - 0% - 50%
2 - 0% - 50%
44 Defense
1 - 0% - 50%
2 - 0% - 50%
Last Minute Offensive  - 0:00
Last Minute Defensive  - 0:58
Total
Forward - 60:00
Defense - 60:00

% Time on Ice - Canucks

Lines # - Real PCT - Wanted PCT - Time Play
Normal Forward
1 - 33% - 40% - 15:27
2 - 30% - 30% - 13:57
3 - 26% - 20% - 11:55
4 - 11% - 10% - 5:18
Normal Defense
1 - 37% - 40% - 17:27
2 - 35% - 30% - 16:13
3 - 23% - 20% - 10:50
4 - 5% - 10% - 2:07
PP Forward
1 - 58% - 60% - 4:35
2 - 42% - 40% - 3:21
PP Defense
1 - 70% - 60% - 5:33
2 - 30% - 40% - 2:23
PK Forward
1 - 81% - 60% - 3:37
2 - 19% - 40% - 0:52
PK Defense
1 - 67% - 60% - 2:59
2 - 33% - 40% - 1:30
PK3 Forward
1 - 0% - 60%
2 - 0% - 40%
PK3 Defense
1 - 0% - 60%
2 - 0% - 40%
44 Forward
1 - 0% - 60%
2 - 0% - 40%
44 Defense
1 - 0% - 60%
2 - 0% - 40%
Last Minute Offensive  - 0:58
Last Minute Defensive  - 0:00
Total
Forward - 60:00
Defense - 60:00

Play-by-Play

1st period


0:01 of 1st period - J.T. Miller wins face-off versus Ryan Nugent-Hopkins in neutral zone.
0:48 of 1st period - Slapshot by Logan Couture.
0:48 of 1st period - Shot Blocked by Tyler Cuma.
0:51 of 1st period - Icing by Alex Goligoski.
0:52 of 1st period - Robert Nilsson wins face-off versus Andrei Loktionov in Canucks zone.
1:03 of 1st period - Backhand shot by Mark Jankowski.
1:03 of 1st period - Shot Misses the Net.
1:27 of 1st period - Snap shot by Andrei Loktionov.
1:27 of 1st period - Deflect By Marcus Johansson.
1:27 of 1st period - Stopped by Petr Mrazek with a rebound.
1:41 of 1st period - Alex Goligoski is hit by Olli Maatta and loses puck.
2:06 of 1st period - Wrist shot by Mark Jankowski.
2:06 of 1st period - Shot Blocked by Zach Hyman.
2:08 of 1st period - Slapshot by Robert Nilsson.
2:08 of 1st period - Shot Misses the Net.
2:15 of 1st period - Minor Penalty to Olli Maatta for Slashing.
2:16 of 1st period - Brock Boeser wins face-off versus Logan Couture in Kraken zone.
2:22 of 1st period - Snap shot by Yanni Gourde.
2:22 of 1st period - Shot Misses the Net.
2:24 of 1st period - Wrist shot by Oliver Ekman-Larsson.
2:24 of 1st period - Deflect By Yanni Gourde.
2:24 of 1st period - Shot Misses the Net.
2:24 of 1st period - Puck is out of play.
2:25 of 1st period - Yanni Gourde wins face-off versus Tyler Bertuzzi in Kraken zone.
3:00 of 1st period - Slapshot by Brock Boeser.
3:00 of 1st period - Stopped by Joonas Korpisalo without a rebound.
3:01 of 1st period - Kyle Rau wins face-off versus Chris Tierney in Kraken zone.
3:14 of 1st period - Wrist shot by Denis Gurianov.
3:14 of 1st period - Stopped by Joonas Korpisalo without a rebound.
3:15 of 1st period - Chris Tierney wins face-off versus Kyle Rau in Kraken zone.
3:20 of 1st period - Slapshot by Denis Gurianov.
3:20 of 1st period - Stopped by Joonas Korpisalo with a rebound.
4:15 of 1st period - Penalty to Olli Maatta is over, Olli Maatta is back on ice.
4:58 of 1st period - Icing by Logan Couture.
4:59 of 1st period - Logan Couture wins face-off versus Chris Tierney in Kraken zone.
4:59 of 1st period - Logan Couture is hit by Tyler Kennedy.
5:09 of 1st period - Snap shot by Jason Spezza.
5:09 of 1st period - Shot Misses the Net.
5:37 of 1st period - Wrist shot by Jason Spezza.
5:37 of 1st period - Stopped by Petr Mrazek with a rebound.
5:49 of 1st period - Snap shot by Tyler Bertuzzi.
5:49 of 1st period - Stopped by Petr Mrazek with a rebound.
5:51 of 1st period - Snap shot by Tyler Bertuzzi.
5:51 of 1st period - Shot Misses the Net.
5:53 of 1st period - Slapshot by Tyler Bertuzzi.
5:53 of 1st period - Shot Blocked by J.T. Miller.
5:55 of 1st period - Slapshot by Jalen Chatfield.
5:55 of 1st period - Stopped by Petr Mrazek with a rebound.
5:57 of 1st period - Snap shot by Tyler Bertuzzi.
5:57 of 1st period - Shot Misses the Net.
5:59 of 1st period - Slapshot by Tyler Bertuzzi.
5:59 of 1st period - Stopped by Petr Mrazek with a rebound.
6:01 of 1st period - Snap shot by Logan Couture.
6:01 of 1st period - Stopped by Petr Mrazek without a rebound.
6:02 of 1st period - Chris Tierney wins face-off versus Ryan Nugent-Hopkins in Canucks zone.
6:29 of 1st period - Adam Ollas-Mattsson is hit by Erik Gudbranson and loses puck.
6:40 of 1st period - Wrist shot by Victor Olofsson.
6:40 of 1st period - Stopped by Petr Mrazek with a rebound.
6:52 of 1st period - Slapshot by Zach Hyman.
6:52 of 1st period - Stopped by Petr Mrazek without a rebound.
6:53 of 1st period - Gilbert Brule wins face-off versus Andrei Loktionov in Canucks zone.
7:02 of 1st period - Wrist shot by Andrei Loktionov.
7:02 of 1st period - Deflect By Zach Hyman.
7:02 of 1st period - Stopped by Petr Mrazek without a rebound.
7:03 of 1st period - Chris Tierney wins face-off versus Ryan Nugent-Hopkins in Canucks zone.
7:30 of 1st period - Off-side.
7:31 of 1st period - Yanni Gourde wins face-off versus Logan Couture in neutral zone.
7:35 of 1st period - Off-side.
7:36 of 1st period - Yanni Gourde wins face-off versus Brendan Lemieux in neutral zone.
7:40 of 1st period - Minor Penalty to Brendan Gallagher for Holding.
7:41 of 1st period - Logan Couture wins face-off versus Yanni Gourde in Kraken zone.
8:36 of 1st period - Nate Schmidt is hit by Alex Goligoski and loses puck.
9:05 of 1st period - Erik Gudbranson is hit by Denis Gurianov.
9:40 of 1st period - Penalty to Brendan Gallagher is over, Brendan Gallagher is back on ice.
11:44 of 1st period - Jamie Oleksiak is hit by Daniel Zaar.
11:48 of 1st period - Daniel Zaar is hit by Andrei Loktionov and loses puck.
12:10 of 1st period - Denis Gurianov is hit by Tyler Bertuzzi and loses puck.
12:25 of 1st period - Tyler Kennedy is hit by Olli Maatta and loses puck.
12:55 of 1st period - Erik Gudbranson is hit by Yanni Gourde and loses puck.
13:27 of 1st period - Snap shot by Brendan Lemieux.
13:27 of 1st period - Stopped by Petr Mrazek without a rebound.
13:28 of 1st period - Gilbert Brule wins face-off versus Ryan Nugent-Hopkins in Canucks zone.
13:39 of 1st period - Snap shot by Brendan Lemieux.
13:39 of 1st period - Stopped by Petr Mrazek without a rebound.
13:40 of 1st period - Logan Couture wins face-off versus Chris Tierney in Canucks zone.
13:47 of 1st period - Wrist shot by Logan Couture.
13:47 of 1st period - Shot Misses the Net.
13:49 of 1st period - Snap shot by Tyler Bertuzzi.
13:49 of 1st period - Shot Misses the Net.
13:51 of 1st period - Snap shot by Nate Schmidt.
13:51 of 1st period - Shot Blocked by Chris Tierney.
13:53 of 1st period - Slapshot by Nate Schmidt.
13:53 of 1st period - Stopped by Petr Mrazek without a rebound.
13:54 of 1st period - Yanni Gourde wins face-off versus Ryan Nugent-Hopkins in Canucks zone.
14:01 of 1st period - Wrist shot by Brock Boeser.
14:01 of 1st period - Stopped by Joonas Korpisalo with a rebound.
14:03 of 1st period - Slapshot by Travis Hamonic.
14:03 of 1st period - Stopped by Joonas Korpisalo without a rebound.
14:04 of 1st period - Yanni Gourde wins face-off versus Ryan Nugent-Hopkins in Kraken zone.
14:05 of 1st period - Wrist shot by J.T. Miller.
14:05 of 1st period - Shot Blocked by Brendan Gallagher.
14:19 of 1st period - Snap shot by Brock Boeser.
14:19 of 1st period - Shot Misses the Net.
14:21 of 1st period - Snap shot by Brock Boeser.
14:21 of 1st period - Goal by Brock Boeser - Kraken : 0 - Canucks : 1.
14:22 of 1st period - Ryan Nugent-Hopkins wins face-off versus Yanni Gourde in neutral zone.
14:40 of 1st period - Off-side.
14:41 of 1st period - Logan Couture wins face-off versus Chris Tierney in neutral zone.
15:12 of 1st period - Brock Boeser is hit by Brendan Gallagher and loses puck.
16:31 of 1st period - Wrist shot by Brendan Lemieux.
16:31 of 1st period - Stopped by Petr Mrazek without a rebound.
16:32 of 1st period - J.T. Miller wins face-off versus Ryan Nugent-Hopkins in Canucks zone.
16:37 of 1st period - Snap shot by Oliver Ekman-Larsson.
16:37 of 1st period - Shot Misses the Net.
16:45 of 1st period - Wrist shot by Ryan Nugent-Hopkins.
16:45 of 1st period - Stopped by Petr Mrazek with a rebound.
16:47 of 1st period - Slapshot by Jamie Oleksiak.
16:47 of 1st period - Shot Hit the Post.
16:51 of 1st period - Slapshot by Brendan Lemieux.
16:51 of 1st period - Stopped by Petr Mrazek without a rebound.
16:52 of 1st period - Chris Tierney wins face-off versus Tyler Bertuzzi in Canucks zone.
17:03 of 1st period - Slapshot by Erik Gudbranson.
17:03 of 1st period - Shot Misses the Net.
17:19 of 1st period - Brendan Gallagher is hit by Travis Hamonic and loses puck.
17:48 of 1st period - Slapshot by Oliver Ekman-Larsson.
17:48 of 1st period - Deflect By Yanni Gourde.
17:48 of 1st period - Stopped by Joonas Korpisalo with a rebound.
17:50 of 1st period - Slapshot by Travis Hamonic.
17:50 of 1st period - Deflect By Yanni Gourde.
17:50 of 1st period - Stopped by Joonas Korpisalo without a rebound.
17:51 of 1st period - Andrei Loktionov wins face-off versus Chris Tierney in Kraken zone.
18:23 of 1st period - Nate Schmidt is hit by Daniel Zaar and loses puck.
19:07 of 1st period - Jalen Chatfield is hit by Travis Hamonic.
19:28 of 1st period - Slapshot by Andrei Loktionov.
19:28 of 1st period - Goal by Andrei Loktionov - Kraken : 1 - Canucks : 1.
19:29 of 1st period - Yanni Gourde wins face-off versus Ryan Nugent-Hopkins in neutral zone.
19:32 of 1st period - Snap shot by J.T. Miller.
19:32 of 1st period - Stopped by Joonas Korpisalo with a rebound.
Goals for this period are 1 for Kraken vs 1 for Canucks.
Shots for this period are 16 for Kraken vs 9 for Canucks.

2nd period


0:01 of 2nd period - Yanni Gourde wins face-off versus Ryan Nugent-Hopkins in neutral zone.
0:04 of 2nd period - Ryan Nugent-Hopkins is hit by Oliver Ekman-Larsson and loses puck.
0:33 of 2nd period - Jason Spezza is hit by Denis Gurianov and loses puck.
2:33 of 2nd period - Snap shot by Ryan Nugent-Hopkins.
2:33 of 2nd period - Shot Blocked by Denis Gurianov.
3:19 of 2nd period - Snap shot by Ryan Lomberg.
3:19 of 2nd period - Shot Blocked by Marcus Johansson.
3:27 of 2nd period - Slapshot by Jamie Oleksiak.
3:27 of 2nd period - Stopped by Petr Mrazek with a rebound.
3:43 of 2nd period - Brendan Lemieux is hit by Brock Boeser and loses puck.
3:48 of 2nd period - Slapshot by Brock Boeser.
3:48 of 2nd period - Shot Misses the Net.
4:27 of 2nd period - Denis Gurianov is hit by Erik Gudbranson and loses puck.
4:40 of 2nd period - Robert Nilsson is hit by Jamie Oleksiak and loses puck.
4:57 of 2nd period - Jason Spezza is hit by Adam Ollas-Mattsson and loses puck.
5:10 of 2nd period - Travis Hamonic is hit by Marcus Johansson and loses puck.
5:15 of 2nd period - Wrist shot by Andrei Loktionov.
5:15 of 2nd period - Deflect By Marcus Johansson.
5:15 of 2nd period - Stopped by Petr Mrazek without a rebound.
5:16 of 2nd period - Andrei Loktionov wins face-off versus Chris Tierney in Canucks zone.
5:19 of 2nd period - Wrist shot by Marcus Johansson.
5:19 of 2nd period - Shot Misses the Net.
5:21 of 2nd period - Backhand shot by Andrei Loktionov.
5:21 of 2nd period - Stopped by Petr Mrazek with a rebound.
5:59 of 2nd period - Slapshot by Tyler Kennedy.
5:59 of 2nd period - Deflect By Denis Gurianov.
5:59 of 2nd period - Shot Blocked by Brady Skjei.
5:59 of 2nd period - Puck is out of play.
6:00 of 2nd period - Ryan Nugent-Hopkins wins face-off versus J.T. Miller in Kraken zone.
6:05 of 2nd period - Snap shot by Yanni Gourde.
6:05 of 2nd period - Deflect By J.T. Miller.
6:05 of 2nd period - Stopped by Joonas Korpisalo with a rebound.
6:11 of 2nd period - Jalen Chatfield is hit by Brock Boeser and loses puck.
6:22 of 2nd period - Minor Penalty to Alex Goligoski for Holding Stick.
6:23 of 2nd period - J.T. Miller wins face-off versus Ryan Nugent-Hopkins in Canucks zone.
7:10 of 2nd period - Wrist shot by Chris Tierney.
7:10 of 2nd period - Goal by Chris Tierney - Kraken : 1 - Canucks : 2.
7:11 of 2nd period - Andrei Loktionov wins face-off versus J.T. Miller in neutral zone.
8:22 of 2nd period - Penalty to Alex Goligoski is over, Alex Goligoski is back on ice.
8:52 of 2nd period - Gilbert Brule is hit by Jason Spezza.
8:53 of 2nd period - Icing by Gilbert Brule.
8:54 of 2nd period - Logan Couture wins face-off versus Gilbert Brule in Canucks zone.
8:55 of 2nd period - Snap shot by Tyler Bertuzzi.
8:55 of 2nd period - Goal by Tyler Bertuzzi - Kraken : 2 - Canucks : 2.
8:56 of 2nd period - J.T. Miller wins face-off versus Ryan Nugent-Hopkins in neutral zone.
9:51 of 2nd period - Slapshot by Olli Maatta.
9:51 of 2nd period - Deflect By Andrei Loktionov.
9:51 of 2nd period - Shot Misses the Net.
9:51 of 2nd period - Puck is out of play.
9:52 of 2nd period - Ryan Nugent-Hopkins wins face-off versus Yanni Gourde in Canucks zone.
10:10 of 2nd period - Icing by Oliver Ekman-Larsson.
10:11 of 2nd period - Logan Couture wins face-off versus Yanni Gourde in Canucks zone.
11:27 of 2nd period - Snap shot by J.T. Miller.
11:27 of 2nd period - Shot Misses the Net.
11:29 of 2nd period - Wrist shot by J.T. Miller.
11:29 of 2nd period - Shot Blocked by Victor Olofsson.
11:37 of 2nd period - Slapshot by Nate Schmidt.
11:37 of 2nd period - Stopped by Petr Mrazek without a rebound.
11:38 of 2nd period - Ryan Nugent-Hopkins wins face-off versus Chris Tierney in Canucks zone.
12:05 of 2nd period - Yanni Gourde is hit by Jason Spezza and loses puck.
12:31 of 2nd period - Off-side.
12:32 of 2nd period - Chris Tierney wins face-off versus Ryan Nugent-Hopkins in neutral zone.
12:49 of 2nd period - Chris Tierney is hit by Brendan Lemieux and loses puck.
13:14 of 2nd period - Snap shot by Denis Gurianov.
13:14 of 2nd period - Stopped by Joonas Korpisalo with a rebound.
13:16 of 2nd period - Slapshot by Chris Tierney.
13:16 of 2nd period - Shot Blocked by Marcus Johansson.
13:37 of 2nd period - Icing by Brady Skjei.
13:38 of 2nd period - Yanni Gourde wins face-off versus Zach Hyman in Kraken zone.
13:41 of 2nd period - Snap shot by Yanni Gourde.
13:41 of 2nd period - Stopped by Joonas Korpisalo without a rebound.
13:42 of 2nd period - Brendan Gallagher wins face-off versus Yanni Gourde in Kraken zone.
13:42 of 2nd period - Brendan Gallagher is hit by J.T. Miller.
13:54 of 2nd period - Wrist shot by Ryan Nugent-Hopkins.
13:54 of 2nd period - Stopped by Petr Mrazek without a rebound.
13:55 of 2nd period - Yanni Gourde wins face-off versus Ryan Nugent-Hopkins in Canucks zone.
13:55 of 2nd period - Yanni Gourde is hit by Brendan Lemieux.
15:05 of 2nd period - Yanni Gourde is hit by Jalen Chatfield.
15:50 of 2nd period - Snap shot by Yanni Gourde.
15:50 of 2nd period - Stopped by Joonas Korpisalo without a rebound.
15:51 of 2nd period - Chris Tierney wins face-off versus Ryan Nugent-Hopkins in Kraken zone.
16:18 of 2nd period - Tyler Bertuzzi is hit by Daniel Zaar and loses puck.
16:43 of 2nd period - Tyler Cuma is hit by Erik Gudbranson and loses puck.
16:48 of 2nd period - Wrist shot by JT Compher.
16:48 of 2nd period - Stopped by Petr Mrazek without a rebound.
16:49 of 2nd period - Ryan Nugent-Hopkins wins face-off versus Robert Nilsson in Canucks zone.
17:36 of 2nd period - Off-side.
17:37 of 2nd period - Gilbert Brule wins face-off versus Kyle Rau in neutral zone.
17:40 of 2nd period - Slapshot by Oliver Ekman-Larsson.
17:40 of 2nd period - Stopped by Joonas Korpisalo with a rebound.
17:42 of 2nd period - Slapshot by Oliver Ekman-Larsson.
17:42 of 2nd period - Shot Misses the Net.
17:44 of 2nd period - Snap shot by Oliver Ekman-Larsson.
17:44 of 2nd period - Stopped by Joonas Korpisalo with a rebound.
17:46 of 2nd period - Wrist shot by Oliver Ekman-Larsson.
17:46 of 2nd period - Goal by Oliver Ekman-Larsson - Kraken : 2 - Canucks : 3.
17:47 of 2nd period - Yanni Gourde wins face-off versus Ryan Nugent-Hopkins in neutral zone.
18:04 of 2nd period - Snap shot by J.T. Miller.
18:04 of 2nd period - Shot Blocked by Brendan Gallagher.
19:20 of 2nd period - Slapshot by J.T. Miller.
19:20 of 2nd period - Shot Misses the Net.
19:22 of 2nd period - Wrist shot by Ryan Lomberg.
19:22 of 2nd period - Shot Blocked by Jamie Oleksiak.
19:42 of 2nd period - Jamie Oleksiak is hit by Tyler Kennedy and loses puck.
Goals for this period are 1 for Kraken vs 2 for Canucks.
Shots for this period are 7 for Kraken vs 8 for Canucks.

3rd period


0:01 of 3rd period - Ryan Nugent-Hopkins wins face-off versus Yanni Gourde in neutral zone.
0:11 of 3rd period - Snap shot by J.T. Miller.
0:11 of 3rd period - Stopped by Joonas Korpisalo without a rebound.
0:12 of 3rd period - Yanni Gourde wins face-off versus Ryan Nugent-Hopkins in Kraken zone.
1:03 of 3rd period - Off-side.
1:04 of 3rd period - Robert Nilsson wins face-off versus Andrei Loktionov in neutral zone.
1:15 of 3rd period - Wrist shot by Daniel Zaar.
1:15 of 3rd period - Shot Misses the Net.
1:49 of 3rd period - Minor Penalty to Brendan Lemieux for Holding.
1:50 of 3rd period - Logan Couture wins face-off versus J.T. Miller in Kraken zone.
2:06 of 3rd period - Icing by Brock Boeser.
2:07 of 3rd period - Yanni Gourde wins face-off versus Logan Couture in Canucks zone.
2:07 of 3rd period - Yanni Gourde is hit by Tyler Bertuzzi.
2:23 of 3rd period - Snap shot by Brock Boeser.
2:23 of 3rd period - Shot Misses the Net.
2:25 of 3rd period - Slapshot by Oliver Ekman-Larsson.
2:25 of 3rd period - Shot Misses the Net.
2:41 of 3rd period - Wrist shot by Yanni Gourde.
2:41 of 3rd period - Shot Blocked by Brady Skjei.
2:43 of 3rd period - Snap shot by J.T. Miller.
2:43 of 3rd period - Shot Blocked by Brady Skjei.
2:45 of 3rd period - Slapshot by Travis Hamonic.
2:45 of 3rd period - Deflect By Erik Gudbranson.
2:45 of 3rd period - Stopped by Joonas Korpisalo with a rebound.
2:47 of 3rd period - Snap shot by Yanni Gourde.
2:47 of 3rd period - Deflect By Brock Boeser.
2:47 of 3rd period - Shot Misses the Net.
2:47 of 3rd period - Puck is out of play.
2:48 of 3rd period - Tyler Kennedy wins face-off versus Kyle Rau in Kraken zone.
2:55 of 3rd period - Denis Gurianov is hit by Kyle Rau and loses puck.
3:49 of 3rd period - Penalty to Brendan Lemieux is over, Brendan Lemieux is back on ice.
4:01 of 3rd period - Icing by Marcus Johansson.
4:02 of 3rd period - Robert Nilsson wins face-off versus Ryan Nugent-Hopkins in Kraken zone.
4:07 of 3rd period - Slapshot by Daniel Zaar.
4:07 of 3rd period - Stopped by Joonas Korpisalo without a rebound.
4:08 of 3rd period - Ryan Nugent-Hopkins wins face-off versus Robert Nilsson in Kraken zone.
4:10 of 3rd period - Minor Penalty to Brendan Gallagher for Tripping.
4:11 of 3rd period - Logan Couture wins face-off versus Yanni Gourde in Kraken zone.
4:23 of 3rd period - Snap shot by Yanni Gourde.
4:23 of 3rd period - Stopped by Joonas Korpisalo with a rebound.
5:56 of 3rd period - Andrei Loktionov is hit by Denis Gurianov and loses puck.
6:10 of 3rd period - Penalty to Brendan Gallagher is over, Brendan Gallagher is back on ice.
7:16 of 3rd period - Off-side.
7:17 of 3rd period - Logan Couture wins face-off versus Yanni Gourde in neutral zone.
7:24 of 3rd period - Wrist shot by Jason Spezza.
7:24 of 3rd period - Shot Blocked by Travis Hamonic.
7:46 of 3rd period - Wrist shot by Victor Olofsson.
7:46 of 3rd period - Stopped by Petr Mrazek without a rebound.
7:47 of 3rd period - Victor Olofsson wins face-off versus Chris Tierney in Canucks zone.
7:50 of 3rd period - Wrist shot by JT Compher.
7:50 of 3rd period - Deflect By Victor Olofsson.
7:50 of 3rd period - Shot Blocked by Chris Tierney.
7:50 of 3rd period - Puck is out of play.
7:51 of 3rd period - Chris Tierney wins face-off versus Brendan Gallagher in Canucks zone.
8:18 of 3rd period - Adam Ollas-Mattsson is hit by Jason Spezza and loses puck.
8:41 of 3rd period - Snap shot by Victor Olofsson.
8:41 of 3rd period - Stopped by Petr Mrazek with a rebound.
8:47 of 3rd period - Snap shot by JT Compher.
8:47 of 3rd period - Shot Misses the Net.
8:49 of 3rd period - Slapshot by Jalen Chatfield.
8:49 of 3rd period - Shot Misses the Net.
8:51 of 3rd period - Wrist shot by Kyle Rau.
8:51 of 3rd period - Shot Misses the Net.
9:31 of 3rd period - Backhand shot by Brendan Lemieux.
9:31 of 3rd period - Shot Blocked by Tony DeAngelo.
9:43 of 3rd period - Wrist shot by Logan Couture.
9:43 of 3rd period - Deflect By Jason Spezza.
9:43 of 3rd period - Stopped by Petr Mrazek without a rebound.
9:44 of 3rd period - Logan Couture wins face-off versus Gilbert Brule in Canucks zone.
10:04 of 3rd period - Snap shot by Denis Gurianov.
10:04 of 3rd period - Stopped by Joonas Korpisalo with a rebound.
10:06 of 3rd period - Slapshot by Oliver Ekman-Larsson.
10:06 of 3rd period - Stopped by Joonas Korpisalo without a rebound.
10:07 of 3rd period - Ryan Nugent-Hopkins wins face-off versus Chris Tierney in Kraken zone.
10:28 of 3rd period - Slapshot by Tyler Kennedy.
10:28 of 3rd period - Shot Blocked by Ryan Nugent-Hopkins.
10:30 of 3rd period - Wrist shot by Denis Gurianov.
10:30 of 3rd period - Deflect By Chris Tierney.
10:30 of 3rd period - Stopped by Joonas Korpisalo with a rebound.
10:32 of 3rd period - Snap shot by Chris Tierney.
10:32 of 3rd period - Stopped by Joonas Korpisalo with a rebound.
10:34 of 3rd period - Slapshot by Travis Hamonic.
10:34 of 3rd period - Shot Misses the Net.
10:36 of 3rd period - Slapshot by Denis Gurianov.
10:36 of 3rd period - Stopped by Joonas Korpisalo with a rebound.
10:38 of 3rd period - Snap shot by Chris Tierney.
10:38 of 3rd period - Deflect By Denis Gurianov.
10:38 of 3rd period - Shot Misses the Net.
10:38 of 3rd period - Puck is out of play.
10:39 of 3rd period - Logan Couture wins face-off versus J.T. Miller in Kraken zone.
12:08 of 3rd period - Minor Penalty to Alex Goligoski for Boarding.
12:09 of 3rd period - J.T. Miller wins face-off versus Andrei Loktionov in Canucks zone.
12:17 of 3rd period - Tyler Cuma is hit by Jason Spezza and loses puck.
12:30 of 3rd period - Andrei Loktionov is hit by Yanni Gourde and loses puck.
12:36 of 3rd period - Off-side.
12:37 of 3rd period - Ryan Nugent-Hopkins wins face-off versus J.T. Miller in neutral zone.
13:53 of 3rd period - Slapshot by Tyler Cuma.
13:53 of 3rd period - Deflect By Mark Jankowski.
13:53 of 3rd period - Shot Misses the Net.
13:53 of 3rd period - Puck is out of play.
13:54 of 3rd period - J.T. Miller wins face-off versus Andrei Loktionov in Kraken zone.
14:08 of 3rd period - Penalty to Alex Goligoski is over, Alex Goligoski is back on ice.
14:08 of 3rd period - Icing by Brendan Gallagher.
14:09 of 3rd period - Chris Tierney wins face-off versus Ryan Nugent-Hopkins in Kraken zone.
14:38 of 3rd period - Snap shot by Marcus Johansson.
14:38 of 3rd period - Stopped by Petr Mrazek with a rebound.
14:40 of 3rd period - Slapshot by Jamie Oleksiak.
14:40 of 3rd period - Shot Misses the Net.
16:00 of 3rd period - Slapshot by Yanni Gourde.
16:00 of 3rd period - Stopped by Joonas Korpisalo without a rebound.
16:01 of 3rd period - Chris Tierney wins face-off versus Andrei Loktionov in Kraken zone.
16:08 of 3rd period - Slapshot by Oliver Ekman-Larsson.
16:08 of 3rd period - Shot Misses the Net.
16:10 of 3rd period - Wrist shot by Chris Tierney.
16:10 of 3rd period - Shot Blocked by Marcus Johansson.
16:12 of 3rd period - Snap shot by Denis Gurianov.
16:12 of 3rd period - Shot Misses the Net.
16:14 of 3rd period - Slapshot by Oliver Ekman-Larsson.
16:14 of 3rd period - Deflect By Brady Skjei.
16:14 of 3rd period - Stopped by Joonas Korpisalo with a rebound.
16:16 of 3rd period - Slapshot by Chris Tierney.
16:16 of 3rd period - Stopped by Joonas Korpisalo without a rebound.
16:17 of 3rd period - Robert Nilsson wins face-off versus Logan Couture in Kraken zone.
16:25 of 3rd period - Minor Penalty to Robert Nilsson for Slashing.
16:26 of 3rd period - J.T. Miller wins face-off versus Brendan Gallagher in Canucks zone.
16:42 of 3rd period - Slapshot by Brady Skjei.
16:42 of 3rd period - Shot Blocked by Oliver Ekman-Larsson.
16:56 of 3rd period - Snap shot by Brady Skjei.
16:56 of 3rd period - Goal by Brady Skjei - Kraken : 3 - Canucks : 3.
16:57 of 3rd period - Andrei Loktionov wins face-off versus Gilbert Brule in neutral zone.
16:59 of 3rd period - Brady Skjei is hit by J.T. Miller and loses puck.
17:24 of 3rd period - Brendan Gallagher is hit by Robert Nilsson and loses puck.
17:35 of 3rd period - Wrist shot by Robert Nilsson.
17:35 of 3rd period - Shot Misses the Net.
17:37 of 3rd period - Slapshot by Oliver Ekman-Larsson.
17:37 of 3rd period - Stopped by Joonas Korpisalo with a rebound.
18:17 of 3rd period - Snap shot by Yanni Gourde.
18:17 of 3rd period - Shot Blocked by Olli Maatta.
18:19 of 3rd period - Slapshot by Tyler Cuma.
18:19 of 3rd period - Deflect By J.T. Miller.
18:19 of 3rd period - Shot Blocked by Nate Schmidt.
18:19 of 3rd period - Puck is out of play.
18:20 of 3rd period - Zach Hyman wins face-off versus Yanni Gourde in Kraken zone.
18:27 of 3rd period - Wrist shot by Andrei Loktionov.
18:27 of 3rd period - Stopped by Petr Mrazek with a rebound.
18:31 of 3rd period - Snap shot by Marcus Johansson.
18:31 of 3rd period - Deflect By Andrei Loktionov.
18:31 of 3rd period - Shot Misses the Net.
18:31 of 3rd period - Puck is out of play.
18:32 of 3rd period - Gilbert Brule wins face-off versus Andrei Loktionov in Canucks zone.
19:01 of 3rd period - Snap shot by Brendan Gallagher.
19:01 of 3rd period - Goal by Brendan Gallagher - Kraken : 4 - Canucks : 3.
19:02 of 3rd period - Yanni Gourde wins face-off versus Logan Couture in neutral zone.
19:08 of 3rd period - Canucks, Petr Mrazek is pulled from the net.
19:16 of 3rd period - Snap shot by Brock Boeser.
19:16 of 3rd period - Shot Blocked by Olli Maatta.
19:53 of 3rd period - Tyler Bertuzzi is hit by J.T. Miller and loses puck.
Goals for this period are 2 for Kraken vs 0 for Canucks.
Shots for this period are 7 for Kraken vs 13 for Canucks.